 Dungeon Crawl Stone Soup version 0.24.0-1-gfbc8707122 (webtiles) character file.

Game seed: 4701735872784249675, levelgen mode: classic

1634079 EnegeticOcto the Conqueror (level 27, 199/199 HPs)
             Began as a Gargoyle Gladiator on Oct 25, 2019.
             Was the Champion of Okawaru.
             Escaped with the Orb
             ... and 3 runes on Oct 26, 2019!
             The game lasted 01:27:35 (72587 turns).

EnegeticOcto the Conqueror (Gargoyle Gladiator)    Turns: 72587, Time: 01:27:35

Health: 199/199    AC: 54    Str: 30    XL:     27
Magic:  34/34      EV: 23    Int: 10    God:    Okawaru [******]
Gold:   6988       SH:  0    Dex: 11    Spells: 26/26 levels left

rFire    + + .     SeeInvis +   b - +6 battleaxe (vamp)
rCold    + . .     Gourm    .   (shield currently unavailable)
rNeg     + . .     Faith    .   l - +11 chain mail of the Circus Animal {+Inv rPois rCorr Int-3}
rPois    ∞         Spirit   +   V - +0 hat "Joepnoip" {rF+}
rElec    +         Reflect  .   X - scarf {rC+ rF+}
rCorr    +         Harm     .   J - +2 pair of gloves {Str+3}
MR       +++..     Clarity  +   U - +2 pair of boots {run}
Stlth    ..........             n - amulet of guardian spirit
HPRegen  0.43/turn              S - ring of protection from magic
MPRegen  0.24/turn              K - +4 ring of evasion

@: glowing, quick
A: big wings, fangs 1, repulsion field 1, see invisible, clarity, negative
energy resistance 1, electricity resistance, unbreathing, petrification
resistance, rot immunity, subdued magic 1, AC +20
0: Orb of Zot
}: 3/15 runes: decaying, slimy, gossamer
a: Fly, Heroism, Finesse, Renounce Religion, Evoke Invisibility


You escaped.
You worshipped Okawaru.
Okawaru was exalted by your worship.
You were full.

You visited 11 branches of the dungeon, and saw 53 of its levels.
You also visited: Ice Cave and Volcano.

You collected 8675 gold pieces.
You spent 1687 gold pieces at shops.

Inventory:

Hand Weapons
 a - the +9 executioner's axe of Defence by Offence {venom, Str+2}
   (Okawaru gifted it to you on level 4 of the Lair of Beasts)

   It poisons the flesh of those it strikes.
   It affects your strength (+2).
 b - a +6 vampiric battleaxe (weapon)
 N - the +1 battleaxe "Syijixon" {elec, +Blink}
   (Okawaru gifted it to you in an ice cave)

   Occasionally, upon striking a foe, it will discharge some electrical energy
   and cause terrible harm.
   It lets you blink.
Missiles
 d - 5 throwing nets (quivered) {!f}
Armour
 l - the +11 chain mail of the Circus Animal (worn) {+Inv rPois rCorr Int-3}
   (You found it on level 5 of the Dungeon)

   It affects your intelligence (-3).
   It protects you from poison.
   It lets you turn invisible.
   It provides partial protection from all sources of acid and corrosion.
 J - a +2 pair of gloves of strength (worn)
 U - a +2 pair of boots of running (worn)
 V - the +0 hat "Joepnoip" (worn) {rF+}
   (You found it on level 2 of the Orcish Mines)

   It protects you from fire.
 X - a scarf of resistance (worn)
Jewellery
 n - an amulet of guardian spirit (around neck)
 I - an uncursed ring of protection from fire
 K - a +4 ring of evasion (right hand)
 O - an uncursed ring of protection from magic
 S - a ring of protection from magic (left hand)
Wands
 m - a wand of digging (20)
 t - a wand of polymorph (61)
 x - a wand of acid (22)
 y - a wand of enslavement (5)
 A - a wand of disintegration (37)
 Q - a wand of iceblast (19)
 R - a wand of scattershot (7)
 T - a wand of paralysis (46)
Scrolls
 c - 4 scrolls of enchant armour
 f - 12 scrolls of blinking {@r4}
 h - 24 scrolls of teleportation {@r3 !r}
 i - 4 scrolls of magic mapping {@r5 !r}
 q - 9 scrolls of fear {!r}
 s - 7 scrolls of fog {!r}
 B - a scroll of holy word
 C - 6 scrolls of immolation
 E - 2 scrolls of summoning
 M - a scroll of identify {@r1}
 Y - 2 scrolls of silence
Potions
 g - 4 potions of cancellation
 j - 3 potions of invisibility
 k - 11 potions of lignification {@q6}
 p - 9 potions of magic
 r - 4 potions of haste {@q4 !q}
 u - 4 potions of berserk rage
 v - 15 potions of curing {@q1 !q}
 w - 7 potions of resistance
 z - 9 potions of brilliance
 D - 3 potions of agility {@q5 !q}
 F - 6 potions of mutation
 L - 9 potions of might {@q3 !q}
 W - 4 potions of ambrosia
 Z - 3 potions of heal wounds {@q2 !q}
Miscellaneous
 o - 2 boxes of beasts
 H - a phantom mirror
Comestibles
 e - 59 rations


   Skills:
 O Level 27 Fighting
 - Level 22.0 Axes
 - Level 1.7 Throwing
 - Level 20.0 Armour
 + Level 16.5 Dodging
 - Level 10.0 Invocations
 + Level 15.2 Evocations


You had 26 spell levels left.
You didn't know any spells.
Your spell library contained the following spells:

 Spells                   Type           Power        Failure   Level  Hunger
 Animate Skeleton         Necr           N/A          65%         1    ##.....
 Confusing Touch          Hex            #.....       65%         1    ##.....
 Flame Tongue             Conj/Fire      #....        65%         1    ##.....
 Freeze                   Ice            #...         65%         1    ##.....
 Magic Dart               Conj           #...         65%         1    ##.....
 Pain                     Necr           #...         65%         1    ##.....
 Sandblast                Erth           #.....       65%         1    ##.....
 Shock                    Conj/Air       #...         65%         1    ##.....
 Summon Small Mammal      Summ           #...         65%         1    ##.....
 Blink                    Tloc           N/A          80%         2    ###....
 Call Imp                 Summ           #.......     80%         2    ###....
 Ensorcelled Hibernation  Hex/Ice        #.....       80%         2    ###....
 Passwall                 Tmut/Erth      #.......     80%         2    ###....
 Poisonous Vapours        Pois/Air       #.....       80%         2    ###....
 Slow                     Hex            #.......     80%         2    ###....
 Swiftness                Chrm/Air       #.......     80%         2    ###....
 Throw Frost              Conj/Ice       #.....       80%         2    ###....
 Call Canine Familiar     Summ           #.......     95%         3    ####...
 Confuse                  Hex            #.......     95%         3    ####...
 Conjure Flame            Conj/Fire      #.......     95%         3    ####...
 Gell's Gravitas          Tloc           #.........   95%         3    ####...
 Ignite Poison            Fire/Tmut/Pois #.......     95%         3    ####...
 Mephitic Cloud           Conj/Pois/Air  #.......     95%         3    ####...
 Ozocubu's Armour         Chrm/Ice       #.......     95%         3    ####...
 Recall                   Summ/Tloc      N/A          95%         3    ####...
 Regeneration             Chrm/Necr      #.........   95%         3    ####...
 Static Discharge         Conj/Air       #.......     95%         3    ####...
 Stone Arrow              Conj/Erth      #.....       95%         3    ####...
 Summon Guardian Golem    Hex/Summ       #.......     95%         3    ####...
 Vampiric Draining        Necr           #.........   95%         3    ####...
 Airstrike                Air            #.........   100%        4    #####..
 Animate Dead             Necr           N/A          100%        4    #####..
 Cause Fear               Hex            #.........   100%        4    #####..
 Ice Form                 Ice/Tmut       #.......     100%        4    #####..
 Petrify                  Tmut/Erth      #.......     100%        4    #####..
 Summon Ice Beast         Ice/Summ       #.......     100%        4    #####..
 Summon Lightning Spire   Summ/Air       #.......     100%        4    #####..
 Throw Icicle             Conj/Ice       #.......     100%        4    #####..
 Alistair's Intoxication  Tmut/Pois      #.......     100%        5    ######.
 Aura of Abjuration       Summ           #.........   100%        5    ######.
 Bolt of Draining         Conj/Necr      #.........   100%        5    ######.
 Bolt of Magma            Conj/Fire/Erth #.........   100%        5    ######.
 Fireball                 Conj/Fire      #.........   100%        5    ######.
 Irradiate                Conj/Tmut      #.........   100%        5    ######.
 Iskenderun's Battlesphe  Conj/Chrm      #.......     100%        5    ######.
 Lee's Rapid Deconstruct  Erth           #.........   100%        5    ######.
 Lightning Bolt           Conj/Air       #.........   100%        5    ######.
 Metabolic Englaciation   Hex/Ice        #.........   100%        5    ######.
 Summon Demon             Summ           #.........   100%        5    ######.
 Summon Forest            Summ/Tloc      #.........   100%        5    ######.
 Summon Mana Viper        Hex/Summ       #.......     100%        5    ######.
 Venom Bolt               Conj/Pois      #.........   100%        5    ######.
 Yara's Violent Unravell  Hex/Tmut       #.........   100%        5    ######.
 Bolt of Cold             Conj/Ice       #.........   100%        6    #######
 Bolt of Fire             Conj/Fire      #.........   100%        6    #######
 Freezing Cloud           Conj/Ice/Air   #.........   100%        6    #######
 Hydra Form               Tmut           #.........   100%        6    #######
 Iron Shot                Conj/Erth      #.........   100%        6    #######
 Ozocubu's Refrigeration  Ice            #.........   100%        6    #######
 Shadow Creatures         Summ           N/A          100%        6    #######
 Simulacrum               Ice/Necr       #.........   100%        6    #######
 Dragon Form              Tmut           #.........   100%        7    #######
 Malign Gateway           Summ/Tloc      #.........   100%        7    #######
 Monstrous Menagerie      Summ           #.........   100%        7    #######
 Orb of Destruction       Conj           #.........   100%        7    #######
 Ring of Flames           Chrm/Fire      #.........   100%        7    #######
 Spellforged Servitor     Conj/Summ      #.........   100%        7    #######
 Summon Greater Demon     Summ           #.........   100%        7    #######
 Ignition                 Fire           #.........   100%        8    #######
 Summon Horrible Things   Summ           #.........   100%        8    #######
 Dragon's Call            Summ           #.........   100%        9    #######
 Shatter                  Erth           #.........   100%        9    #######
 Tornado                  Air            #.........   100%        9    #######
 Sublimation of Blood     Necr           Unusable     N/A         2    N/A
 Statue Form              Tmut/Erth      Unusable     N/A         6    N/A

Dungeon Overview and Level Annotations

Branches:
Dungeon (15/15)            Temple (1/1) D:4            Lair (6/6) D:9
  Swamp (4/4) Lair:2       Spider (4/4) Lair:2        Slime (5/5) Lair:6
    Orc (2/2) D:11            Elf (2/3) Orc:2        Vaults (4/5) D:13
  Crypt (0/3) Vaults:3     Depths (5/5) D:15            Zot (5/5) Depths:5
  IceCv (visited)         Volcano (visited)

Altars:
Ashenzari
Cheibriados
Dithmenos
Elyvilon
Gozag
Hepliaklqana
Kikubaaqudgha
Makhleb
Nemelex Xobeh
Okawaru
Qazlal
Ru
Sif Muna
Trog
Uskayaw
Vehumet
Wu Jian
Xom
Yredelemnul
Zin
The Shining One
Jiyva

Shops:
D:9 *   Orc:2 (:*(?}?[   Vaults:3 *

Portals:
Hell: Depths:1 Depths:2 Depths:3 Depths:4 Depths:5
Abyss: Depths:1 Depths:4
Ziggurat: Depths:4
Trove: Depths:1 (give 12 potions of heal wounds)

Annotations:
D:1 Natasha
D:2 1 runed translucent door, Crazy Yiuf
Lair:4 3 runed translucent doors, Tunlugh's ghost, adept GrEE
Lair:6 1 runed translucent door
Vaults:3 1 runed translucent door, MackTheFife's ghost, veteran HOGl


Innate Abilities, Weirdness & Mutations

You are resistant to torment.
Your stone body is resilient. (AC +20)
You are immune to poison.
Your large and strong wings let you fly indefinitely.
You resist negative energy. (rN+)
You are resistant to electric shocks. (rElec)
You can survive without breathing.
You are immune to petrification.
You are immune to rotting.
You have very sharp teeth.
You are surrounded by a mild repulsion field. (EV +2)
You have supernaturally acute eyesight. (SInv)
You possess an exceptional clarity of mind.
Your spells are a little easier to cast, but a little less powerful.


Message History

There is an escape hatch in the ceiling here.
Really go through this one-way escape hatch?
A mysterious force pulls you upwards. The hatch slams shut behind you.
(D) Dungeon (T) Temple (L) Lair (S) Swamp (N) Spider Nest (M) Slime Pits (O) Orcish Mines (E) Elven Halls (V) Vaults (C) Crypt (U) Depths (H) Hell (Z) Zot
Where to? (Enter - D:1 @ (x,y), ? - help)
There is a stone staircase leading up here.
You climb upwards.
There is a stone staircase leading down here.
There is a stone staircase leading up here.
You climb upwards.
There is a stone staircase leading down here.
Your magical contamination has completely faded away.
There is a stone staircase leading up here.
You climb upwards.
There is a stone staircase leading down here.
There is a stone staircase leading up here.
You climb upwards.
There is a stone staircase leading down here.
There is a stone staircase leading up here.
You climb upwards.
There is a stone staircase leading down here.
There is a stone staircase leading up here.
You climb upwards.
There is a stone staircase leading down here.
Things that are here:
a +0 robe; a +0 dagger
There is a stone staircase leading up here.
You climb upwards.
There is a stone staircase leading down here.
Things that are here:
a +0 hand axe; a +0 club
There is a stone staircase leading up here.
You see here a stone.
You climb upwards.
Level annotation: 1 runed translucent door, Crazy Yiuf
There is a stone staircase leading down here.
You see here a +0 hand axe.
A monstrous demonspawn, an infernal demonspawn and 2 warmongers come into view.
The monstrous warmonger shouts!
The infernal demonspawn shouts!
The monstrous warmonger calls upon its god to speed up the monstrous warmonger.
The monstrous warmonger seems to speed up.
The monstrous warmonger wields a +2 arbalest of velocity.
The monstrous warmonger shoots a bolt.
The bolt closely misses you.
You see here a bolt.
The monstrous warmonger shoots a bolt.
The bolt closely misses you.
You see here a bolt.
The monstrous warmonger shoots a bolt.
The bolt completely misses you.
You see here a bolt.
The monstrous warmonger calls upon its god to speed up the monstrous warmonger.
The monstrous warmonger seems to speed up.
You see here a +0 dagger.
The monstrous warmonger calls upon its god to speed up the monstrous demonspawn.
The monstrous demonspawn seems to speed up.
The monstrous warmonger calls upon its god to speed up the infernal demonspawn.
The infernal demonspawn seems to speed up. 2 tormentors and a pandemonium lord come into view.
The tormentor roars! x2
The infernal demonspawn hits you with a +0 long sword!
You are engulfed in flames.
You resist.
Cuzxean moves out of view.
The infernal demonspawn hits you but does no damage.
There is a stone staircase leading up here.
The infernal demonspawn closely misses you.
You climb upwards.
There is a stone staircase leading down here.
You chop the infernal demonspawn into pieces!!!
You feel better.
The infernal demonspawn is heavily wounded.
The infernal demonspawn hits you but does no damage.
You closely miss the infernal demonspawn.
The infernal demonspawn is heavily wounded.
The infernal demonspawn misses you.
You slice the infernal demonspawn like a ripe choko!!!
You kill the infernal demonspawn!
Okawaru accepts your kill.
No target in view!
No target in view!
No target in view!
No target in view!
Evoke which item? (* to show all) (? for menu, Esc to quit)
Aiming: Dig
Press: ? - help, Shift-Dir - straight line A rock wall.
This square is covered in magical glow.
The rock shatters into small pieces.
Evoke which item? (* to show all) (? for menu, Esc to quit)
Aiming: Dig
Press: ? - help, Shift-Dir - straight line This square is covered in magical glow.
The rock shatters into small pieces.
Natasha, Servant of Life and Death comes into view.
She is carrying a wand of digging (5).
Natasha hisses angrily.
There is a staircase leading out of the dungeon here.
A daeva comes into view.
It is wielding a +2 long sword of holy wrath.
Natasha casts a spell at you. You resist with almost no effort.
Natasha completely misses you.
You have escaped!

######.##.#.....#.#.#..# #
#......#.........##.#.# #
#.###.##.........####.#######
#.# #.##.#.....#.............
#.# #.##.........###.######.#
#.###.##.........# #.# #.#
#...#.##.#....A#.# #.# #.#
###....#.....h...# #.# #.#
##....#[...@....# #.# ####.#
#.....########### #.# #.÷..#
#...........# #.# #.####
#...........# #.# #.####
##...........# #.# #.....
##........)...#######.#
#..###
#...................#.# #..#
#.....................# #..#
#............#...#..### #..#


You could see a daeva and Natasha.

Vanquished Creatures
  the Royal Jelly (Slime:5)
  2 orbs of fire (Zot:5)
  A juggernaut (Depths:1)
  2 ancient liches (Zot:5)
  4 Killer Klowns
  Frederick (Depths:5)
  Margery (Depths:2)
  Saint Roka (Vaults:4)
  3 curse toes
  A caustic shrike (Depths:2)
  The ghost of Zonian the Slayer, an adept HOFi of Beogh (Vaults:2)
  6 golden dragons
  An electric golem (Zot:5)
  14 tentacled monstrosities
  Rupert (D:13)
  4 liches
  An Ice Fiend (Depths:5)
  21 Orb Guardians
  12 quicksilver dragons
  A deep elf blademaster (Elf:2)
  23 acid blobs
  A titan (Depths:4)
  10 sphinxes
  6 death cobs
  4 storm dragons
  Kirke (Lair:6)
  3 tengu reavers
  10 shadow dragons
  A thorn hunter (Swamp:3)
  12 fire giants
  8 azure jellies
  8 draconian scorchers
  8 draconian knights
  4 iron dragons
  12 draconian monks
  A deep elf sorcerer (Elf:2)
  7 ghost moths
  3 vault wardens
  7 emperor scorpions
  17 frost giants
  7 draconian shifters
  A ghoul (Vaults:1)
  The ghost of Ysuot the Spear-Bearer, a journeyman OpWn of Okawaru (Swamp:3)
  3 draconian stormcallers
  4 spriggan defenders
  8 draconian annihilators
  15 ironheart preservers
  2 deep elf elementalists (Depths:2)
  2 entropy weavers (Spider:1)
  A deep elf demonologist (Depths:4)
  11 very ugly things
  5 green draconians
  17 black draconians
  2 vampire knights (Depths:2)
  14 stone giants
  4 deep elf annihilators
  Azrael (D:14)
  28 purple draconians
  6 red draconians
  3 spark wasps
  12 yellow draconians
  The ghost of Fuxod the Fighter, a journeyman GnWn of Xom (Lair:3)
  3 merfolk javelineers
  12 white draconians
  2 deep elf death magi
  9 ettins
  8 death oozes
  3 jiangshi (Depths:1)
  Josephine (Lair:6)
  14 yaktaur captains
  9 great orbs of eyes
  10 fire dragons
  A deep elf high priest (Depths:4)
  6 rakshasas
  17 ice dragons
  2 shambling mangroves (Swamp:4)
  3 spriggan air magi
  22 hydras
  A naga warrior (Orc:2)
  15 centaur warriors
  The ghost of kernmantle the Covert, a journeyman OpWn of Vehumet (Orc:2)
  5 catoblepae
  4 death knights
  9 ogre magi
  7 alligators
  15 two-headed ogres
  A satyr (shapeshifter) (Depths:4)
  3 death yaks (Lair:4)
  A two-headed ogre (shapeshifter) (D:14)
  9 tengu warriors
  Urug (D:13)
  12 deep troll shamans
  14 deep troll earth magi
  26 dancing weapons
  8 spriggan berserkers
  A shock serpent (shapeshifter) (Vaults:4)
  5 orc high priests
  12 deep elf knights
  5 vampire magi
  Sonja (Orc:1)
  6 hell knights
  2 skeletal warriors (D:12)
  A fire crab (shapeshifter) (Vaults:1)
  An infernal demonspawn (D:1)
  36 deep trolls
  A flayed ghost (Vaults:3)
  3 glowing orange brains
  3 iron trolls
  6 unseen horrors
  2 spriggan druids
  15 deep elf archers
  11 swamp dragons
  3 unseen horrors (shapeshifter)
  44 deep elf magi
  4 necromancers
  4 wizards
  4 phantasmal warriors
  6 lindwurms
  2 harpies
  31 wolf spiders
  8 ironbrand convokers
  14 orc knights
  16 orb spiders
  4 shining eyes
  2 manticores (shapeshifter)
  5 orc sorcerers
  26 ugly things
  6 cyclopes
  26 moths of wrath
  4 black mambas
  6 vault sentinels
  A guardian serpent (shapeshifter) (Elf:1)
  6 torpor snails
  An ice statue (IceCv)
  3 gargoyles
  3 molten gargoyles (Volcano)
  11 spiny frogs
  A hellion (Zot:2)
  2 rime drakes (Lair:4)
  A centaur skeleton (D:15)
  3 kobold demonologists
  A yaktaur (shapeshifter) (Depths:2)
  8 komodo dragons
  56 yaktaurs
  16 demonic crawlers
  2 freezing wraiths (Vaults:1)
  A rime drake (shapeshifter) (Vaults:1)
  2 meliai (shapeshifter) (Vaults:1)
  3 tengu conjurers
  2 komodo dragons (shapeshifter)
  3 meliai (D:14)
  44 jumping spiders
  8 trolls
  A troll (shapeshifter) (Vaults:4)
  A wind drake (shapeshifter) (Vaults:3)
  13 polar bears (IceCv)
  60 slime creatures
  7 bog bodies
  24 hornets
  10 hippogriffs
  4 blink frogs (Lair:3)
  2 blink frogs (shapeshifter) (Depths:2)
  13 tyrant leeches
  Sigmund (D:5)
  6 spriggans
  5 shadows
  A centaur simulacrum (D:15)
  61 redbacks
  24 tarantellas
  A yak (shapeshifter) (Depths:2)
  A redback (shapeshifter) (Vaults:2)
  8 water elementals
  2 wyverns
  6 wraiths
  3 fire bats (D:11)
  4 fire elementals
  22 yaks
  11 vampire mosquitoes
  6 golden eyes (Slime:3)
  A hog (shapeshifter) (Vaults:1)
  A human (shapeshifter) (Depths:4)
  6 basilisks
  4 hogs (Lair:6)
  A hungry ghost (D:12)
  8 wargs
  3 human simulacra
  2 steam dragons (Lair:6)
  20 swamp worms
  20 insubstantial wisps
  13 water moccasins
  5 acid dragons
  4 hell hounds
  7 porcupines
  15 swamp drakes
  57 orc warriors
  A hornet zombie (D:11)
  6 sky beasts
  5 necrophages
  2 black bears (shapeshifter)
  6 ice beasts
  3 phantoms
  4 black bears
  3 eyes of draining
  32 ogres
  5 boggarts
  12 centaurs
  14 wolves
  11 crocodiles
  5 big kobolds
  3 earth elementals
  A wyvern zombie (D:12)
  9 bullfrogs
  A hornet simulacrum (D:15)
  3 scorpions
  5 killer bees (D:8)
  16 wights
  A vampire bat (D:11)
  8 electric eels
  6 howler monkeys
  A bullfrog zombie (D:6)
  9 crimson imps
  5 centaur zombies
  A bullfrog skeleton (D:4)
  6 hounds
  7 jellies
  35 orc priests
  An iron imp (Orc:2)
  46 orc wizards
  A gnoll shaman (Orc:1)
  Natasha (twice) (D:2 D:1)
  6 iguanas
  9 worker ants
  A killer bee zombie (D:7)
  A hound zombie (D:7)
  2 hound skeletons (D:6)
  A howler monkey zombie (D:9)
  2 worker ant zombies
  15 adders
  8 gnolls
  5 shadow imps
  13 white imps
  2 oozes
  4 adder skeletons
  12 worms
  A dart slug (D:3)
  3 leopard geckos
  149 orcs
  5 ball pythons
  13 bats
  15 giant cockroaches
  10 goblins
  5 hobgoblins
  17 jackals
  20 kobolds
  4 quokkas
  5 frilled lizards
  A jackal skeleton (D:4)
  A leopard gecko skeleton (D:6)
  8 rats
  A spectral orc (D:2)
  A butterfly (D:6)
  A fire vortex (Volcano)
  2 fungi
  7 plants
2221 creatures vanquished.

Vanquished Creatures (collateral kills)
  A great orb of eyes (Slime:5)
  A komodo dragon (Lair:5)
2 creatures vanquished.

Vanquished Creatures (others)
  A death cob (Zot:1)
  A draconian knight (Zot:3)
  A draconian scorcher (Zot:4)
  A draconian stormcaller (Zot:3)
  A stone giant (Depths:4)
  A vampire knight (Depths:2)
  A black draconian (Zot:3)
  A purple draconian (Zot:1)
  A vampire mage (Depths:4)
  A deep elf knight (Orc:2)
  An orb spider (Spider:4)
  2 deep elf magi
  A shadow (D:13)
  A redback (Spider:2)
  An earth elemental (Volcano)
  An orc wizard (Orc:2)
  2 orcs
  A kobold (D:3)
  A fire vortex (Volcano)
  7 fungi
  38 plants
66 creatures vanquished.

Grand Total: 2289 creatures vanquished

Notes
Turn   | Place    | Note
-------+----------+-------------------------------------------
     0 | D:1      | EnegeticOcto the Gargoyle Gladiator began the quest for the
                  | Orb.
     0 | D:1      | Reached XP level 1. HP: 12/12 MP: 1/1
   197 | D:1      | Reached XP level 2. HP: 18/18 MP: 2/2
   898 | D:2      | Reached skill level 1 in Armour
   902 | D:2      | Reached XP level 3. HP: 20/22 MP: 3/3
  1228 | D:2      | Found a runed translucent door.
  1229 | D:2      | Noticed Crazy Yiuf
  1322 | D:2      | Found a sacrificial altar of Ru.
  1333 | D:2      | Reached XP level 4. HP: 27/27 MP: 4/4
  1463 | D:2      | Noticed Natasha
  1515 | D:2      | Killed Natasha
  1515 | D:2      | Reached skill level 3 in Fighting
  1792 | D:2      | Found a basalt altar of Yredelemnul.
  2200 | D:2      | Noticed Natasha
  2220 | D:1      | Killed Natasha
  2220 | D:1      | Reached XP level 5. HP: 13/32 MP: 5/5
  2521 | D:3      | Found a hazy altar of Hepliaklqana.
  3240 | D:3      | Reached XP level 6. HP: 37/37 MP: 6/6
  3507 | D:3      | Found a stormy altar of Qazlal.
  4084 | D:4      | Reached skill level 4 in Fighting
  4084 | D:4      | Reached XP level 7. HP: 42/43 MP: 7/7
  4279 | D:4      | Found a staircase to the Ecumenical Temple.
  4288 | Temple   | Entered the Ecumenical Temple
  4344 | Temple   | Became a worshipper of Warmaster Okawaru
  4361 | D:4      | Reached skill level 5 in Axes
  4550 | D:5      | Entered Level 5 of the Dungeon
  4568 | D:5      | Found an opulent altar of Gozag.
  4598 | D:5      | Noticed Sigmund
  4630 | D:5      | Killed Sigmund
  4630 | D:5      | Reached skill level 1 in Invocations
  5169 | D:5      | Found a sacrificial altar of Ru.
  5186 | D:5      | Reached * piety under Okawaru
  5186 | D:5      | Reached XP level 8. HP: 48/48 MP: 9/9
  5198 | D:5      | Got a spiked chain mail
  5552 | D:5      | Found a glowing golden altar of the Shining One.
  5716 | D:6      | Reached skill level 5 in Fighting
  6104 | D:6      | Reached ** piety under Okawaru
  6394 | D:6      | Reached XP level 9. HP: 52/54 MP: 11/11
  6436 | D:6      | Reached skill level 5 in Armour
  7057 | D:6      | Reached skill level 5 in Dodging
  7175 | D:6      | Found a shimmering altar of Xom.
  7183 | D:6      | Reached skill level 6 in Fighting
  7708 | D:7      | Identified the +11 chain mail of the Circus Animal {+Inv
                  | rPois rCorr Int-3} (You found it on level 5 of the Dungeon)
  7815 | D:7      | Reached *** piety under Okawaru
  8645 | D:8      | Reached skill level 5 in Invocations
  8645 | D:8      | Reached XP level 10. HP: 41/61 MP: 13/13
  9001 | D:8      | Found a glowing silver altar of Zin.
  9089 | D:8      | Noticed a two-headed ogre
  9096 | D:8      | Killed a two-headed ogre
  9096 | D:8      | Reached **** piety under Okawaru
  9096 | D:8      | Reached skill level 7 in Fighting
  9591 | D:8      | Identified a scroll of acquirement
  9663 | D:9      | You fall into a shaft and drop 2 floors!
  9672 | D:10     | Entered Level 10 of the Dungeon
  9875 | D:9      | Received a gift from Okawaru
  9896 | D:9      | Found a snail-covered altar of Cheibriados.
  9948 | D:9      | Found a staircase to the Lair.
 10389 | D:9      | Reached ***** piety under Okawaru
 10587 | D:9      | Found Qyummig's Assorted Antiques.
 11282 | D:11     | Noticed a six-headed hydra
 11288 | D:11     | Killed a six-headed hydra
 11288 | D:11     | Reached skill level 8 in Fighting
 11288 | D:11     | Reached XP level 11. HP: 68/68 MP: 14/14
 11387 | D:11     | Received a gift from Okawaru
 11691 | D:11     | Killed an unseen horror
 11691 | D:11     | Reached skill level 10 in Axes
 11837 | D:11     | Noticed a soul eater
 12059 | D:11     | Killed an unseen horror
 12098 | D:11     | Killed an unseen horror
 12332 | D:11     | Received a gift from Okawaru
 12403 | D:11     | Reached skill level 9 in Fighting
 12733 | D:11     | Noticed a lindwurm
 12735 | D:11     | Noticed a lindwurm
 12744 | D:11     | Killed a lindwurm
 12748 | D:11     | Killed a lindwurm
 12748 | D:11     | Reached XP level 12. HP: 34/76 MP: 10/15
 13130 | D:11     | Found a staircase to the Orcish Mines.
 13205 | Lair:1   | Entered Level 1 of the Lair of Beasts
 13897 | Lair:1   | Found the +7 mace of Variability {chain chaos}
 14185 | Lair:1   | Received a gift from Okawaru
 14243 | Lair:2   | Found a staircase to the Swamp.
 14296 | Lair:2   | Found a frozen archway.
 14332 | IceCv    | Entered an ice cave
 14846 | IceCv    | Reached skill level 10 in Fighting
 14876 | IceCv    | Received a gift from Okawaru
 14882 | IceCv    | Got a dazzling battleaxe {god gift}
 14883 | IceCv    | Identified the +1 battleaxe "Syijixon" {elec, +Blink}
                  | (Okawaru gifted it to you in an ice cave)
 15072 | IceCv    | Noticed a frost giant
 15090 | IceCv    | Killed a frost giant
 15090 | IceCv    | Reached skill level 10 in Armour
 15898 | Lair:2   | Reached XP level 13. HP: 83/83 MP: 16/16
 16073 | Lair:2   | Found a hole to the Spider Nest.
 16534 | Lair:3   | Received a gift from Okawaru
 17020 | Lair:3   | Found a runed translucent door.
 17021 | Lair:3   | Noticed Fuxod's ghost (journeyman GnWn)
 17027 | Lair:3   | Identified the +6 trident "Impbane" {pierce, rElec rPois
                  | MR+ Str+2}
 17062 | Lair:3   | Found a dark tunnel.
 17071 | Volcano  | Entered a volcano
 17567 | Volcano  | Reached ****** piety under Okawaru
 18114 | Lair:3   | Reached skill level 11 in Fighting
 18124 | Lair:3   | Killed Fuxod's ghost
 18589 | Lair:4   | Found a runed translucent gate.
 18589 | Lair:4   | Found a runed translucent gate.
 18589 | Lair:4   | Found a runed translucent gate.
 18590 | Lair:4   | Noticed Tunlugh's ghost (adept GrEE)
 18606 | Lair:4   | Received a gift from Okawaru
 18812 | Lair:4   | Received a gift from Okawaru
 18818 | Lair:4   | Got a slimy executioner's axe {god gift}
 18819 | Lair:4   | Identified the +9 executioner's axe of Defence by Offence
                  | {venom, Str+2} (Okawaru gifted it to you on level 4 of the
                  | Lair of Beasts)
 19202 | Lair:4   | Gained mutation: Your large and strong wings let you fly
                  | indefinitely. [Gargoyle growth]
 19202 | Lair:4   | Reached XP level 14. HP: 71/90 MP: 16/17
 19964 | Lair:5   | Received a gift from Okawaru
 19967 | Lair:5   | Got a warped hat {god gift}
 19978 | Lair:5   | Identified the +2 hat "Alotroni" {Int+6} (Okawaru gifted it
                  | to you on level 5 of the Lair of Beasts)
 20648 | Lair:6   | Entered Level 6 of the Lair of Beasts
 20667 | Lair:6   | Noticed Josephine
 20678 | Lair:6   | Killed Josephine
 20981 | Lair:6   | Noticed Kirke
 21004 | Lair:6   | Killed Kirke
 21004 | Lair:6   | Reached skill level 12 in Fighting
 21474 | Lair:6   | Got a jewelled hat
 21485 | Lair:6   | Identified the +1 hat of Lewil {rPois rF+ Int-5} (You
                  | acquired it on level 6 of the Lair of Beasts)
 21549 | Lair:6   | Found a staircase to the Slime Pits.
 21549 | Lair:6   | Found a viscous altar of Jiyva.
 21637 | Lair:6   | Found a runed translucent door.
 22873 | D:12     | Found a shattered altar of Ashenzari.
 22927 | D:12     | Reached skill level 10 in Dodging
 24001 | D:13     | Received a gift from Okawaru
 24089 | D:13     | Reached XP level 15. HP: 93/97 MP: 18/18
 24154 | D:13     | Noticed Urug
 24173 | D:13     | Killed Urug
 24244 | D:13     | Found a gate to the Vaults.
 24502 | D:13     | Noticed Rupert
 24516 | D:13     | Killed Rupert
 24520 | D:13     | Reached skill level 15 in Axes
 25080 | D:14     | Received a gift from Okawaru
 25159 | D:14     | Noticed Azrael
 25177 | D:14     | Killed Azrael
 25177 | D:14     | Reached skill level 13 in Fighting
 25445 | D:14     | Found a stormy altar of Qazlal.
 25606 | D:14     | Found a shattered altar of Ashenzari.
 25956 | D:15     | Entered Level 15 of the Dungeon
 26385 | D:15     | Reached skill level 1 in Evocations
 26755 | D:15     | Received a gift from Okawaru
 26766 | D:15     | Got a smoking battleaxe {god gift}
 26767 | D:15     | Identified the +6 battleaxe of Gimaam {flame, rPois rN++
                  | MR- Dex+4} (Okawaru gifted it to you on level 15 of the
                  | Dungeon)
 26895 | D:15     | Found a staircase to the Depths.
 27040 | Orc:1    | Entered Level 1 of the Orcish Mines
 27057 | Orc:1    | Noticed Sonja
 27112 | Orc:1    | Killed Sonja
 27365 | Orc:1    | Reached XP level 16. HP: 76/104 MP: 20/20
 27999 | Orc:2    | Entered Level 2 of the Orcish Mines
 27999 | Orc:2    | Found Timuc's Magic Scroll Shop.
 28062 | Orc:2    | Found Ripnyrpho's Gadget Emporium.
 28244 | Orc:2    | Found a runed translucent gate.
 28244 | Orc:2    | Found a runed translucent gate.
 28244 | Orc:2    | Found a runed translucent gate.
 28249 | Orc:2    | Noticed kernmantle's ghost (journeyman OpWn)
 28344 | Orc:2    | Found Acsoum's Magic Scroll Shop.
 28353 | Orc:2    | Bought a scroll of brand weapon for 280 gold pieces
 28754 | Orc:2    | Received a gift from Okawaru
 28800 | Orc:2    | Found Semukiwn's Weapon Boutique.
 28800 | Orc:2    | Found Lissie's Antique Weapon Shop.
 28800 | Orc:2    | Found Hufaak's Book Shop.
 28827 | Orc:2    | Found Adisoith's General Store.
 29006 | Orc:2    | Found Veeghot's Armour Shop.
 29006 | Orc:2    | Found a staircase to the Elven Halls.
 29008 | Orc:2    | Bought a +1 pair of boots of running for 365 gold pieces
 29196 | Orc:2    | Found an iron altar of Okawaru.
 29396 | Orc:2    | Got a bloodstained hat
 29397 | Orc:2    | Identified the cursed +0 hat "Joepnoip" {rF+} (You found it
                  | on level 2 of the Orcish Mines)
 29760 | Swamp:1  | Entered Level 1 of the Swamp
 30599 | Swamp:2  | Received a gift from Okawaru
 30607 | Swamp:2  | Got a scorched chain mail {god gift}
 30618 | Swamp:2  | Identified the +0 chain mail "Farimy Zeq" {+Inv rF- SInv}
                  | (Okawaru gifted it to you on level 2 of the Swamp)
 32544 | Swamp:3  | Found a runed translucent gate.
 32544 | Swamp:3  | Found a runed translucent gate.
 32544 | Swamp:3  | Found a runed translucent gate.
 32581 | Swamp:3  | Noticed a thorn hunter
 32589 | Swamp:3  | Killed a thorn hunter
 32684 | Swamp:3  | Noticed Ysuot's ghost (journeyman OpWn)
 32809 | Swamp:3  | Killed Ysuot's ghost
 32809 | Swamp:3  | Reached skill level 14 in Fighting
 32916 | Swamp:4  | Entered Level 4 of the Swamp
 33132 | Swamp:4  | Identified the +8 chain mail "Igirghemo" {*Slow +Blink
                  | Dex+3} (You found it on level 4 of the Swamp)
 33277 | Swamp:4  | Received a gift from Okawaru
 33277 | Swamp:4  | Reached XP level 17. HP: 111/111 MP: 22/22
 33282 | Swamp:4  | Identified the +5 storm dragon scales of Deutasie {*Slow
                  | +Fly rElec rCorr Str+3} (Okawaru gifted it to you on level
                  | 4 of the Swamp)
 33773 | Swamp:4  | Got a decaying rune of Zot
 33846 | Swamp:4  | Reached skill level 5 in Evocations
 34205 | Spider:1 | Entered Level 1 of the Spider Nest
 34213 | Spider:1 | You are sucked into a shaft and drop 1 floor!
 34627 | Spider:2 | Received a gift from Okawaru
 36263 | Spider:1 | Received a gift from Okawaru
 36861 | Spider:3 | Reached XP level 18. HP: 113/118 MP: 24/24
 37520 | Spider:4 | Entered Level 4 of the Spider Nest
 37603 | Spider:4 | Reached skill level 15 in Fighting
 38581 | Spider:4 | Reached skill level 15 in Armour
 38983 | Spider:4 | Received a gift from Okawaru
 39319 | Spider:4 | Got a gossamer rune of Zot
 39627 | Vaults:1 | Entered Level 1 of the Vaults
 40191 | Vaults:1 | Identified the ring of Zoabuet {Ice +Blink +Inv} (You found
                  | it on level 1 of the Vaults)
 40948 | Vaults:1 | Reached XP level 19. HP: 123/124 MP: 25/25
 41007 | Vaults:1 | Received a gift from Okawaru
 42576 | Vaults:2 | Received a gift from Okawaru
 42592 | Vaults:2 | Reached skill level 16 in Fighting
 42649 | Vaults:2 | Found a large runed translucent door.
 42650 | Vaults:2 | Found a large runed translucent door.
 42650 | Vaults:2 | Noticed Zonian's ghost (adept HOFi)
 42955 | Vaults:2 | Killed Zonian's ghost
 43118 | Vaults:3 | Paralysed by a great orb of eyes for 6 turns
 43164 | Vaults:3 | Found Begaj's Assorted Antiques.
 43173 | Vaults:3 | Bought a crude broad axe for 252 gold pieces
 43173 | Vaults:3 | Identified the +4 broad axe of the Dragonfly {antimagic,
                  | +Blink rPois} (You bought it in a shop on level 3 of the
                  | Vaults)
 43281 | Vaults:3 | Found a staircase to the Crypt.
 43447 | Vaults:3 | Received a gift from Okawaru
 44519 | Vaults:3 | Reached XP level 20. HP: 132/132 MP: 26/26
 44604 | Vaults:3 | Found a runed translucent door.
 44604 | Vaults:3 | Found a shimmering altar of Xom.
 44604 | Vaults:3 | Identified the +1 quick blade of Rilust {chaos, rPois
                  | Int+2}
 44604 | Vaults:3 | Noticed MackTheFife's ghost (veteran HOGl)
 44861 | Vaults:4 | Noticed Saint Roka
 44889 | Vaults:4 | Killed Saint Roka
 45214 | Vaults:4 | Received a gift from Okawaru
 46652 | Depths:1 | Entered Level 1 of the Depths
 47015 | Depths:1 | Received a gift from Okawaru
 47154 | Depths:1 | Found a portal to a secret trove of treasure.
 47188 | Depths:1 | Noticed a juggernaut
 47215 | Depths:1 | Killed a juggernaut
 47215 | Depths:1 | Reached skill level 17 in Fighting
 47227 | Depths:1 | Reached XP level 21. HP: 59/139 MP: 9/27
 47492 | Depths:1 | Found a gateway to Hell.
 47568 | Depths:1 | Found a one-way gate to the infinite horrors of the Abyss.
 47592 | Depths:1 | Found an iron altar of Okawaru.
 47744 | Depths:1 | Received a gift from Okawaru
 47852 | Depths:1 | You are sucked into a shaft and drop 1 floor!
 47870 | Depths:2 | Noticed a caustic shrike
 47877 | Depths:2 | Killed a caustic shrike
 47877 | Depths:2 | Received a gift from Okawaru
 49087 | Depths:2 | Received a gift from Okawaru
 49463 | Depths:2 | Noticed Margery
 49480 | Depths:2 | Killed Margery
 49480 | Depths:2 | Received a gift from Okawaru
 49480 | Depths:2 | Reached XP level 22. HP: 132/146 MP: 28/29
 49489 | Depths:2 | Identified the +1 chain mail of the Albatross {+Blink rF+
                  | Regen+} (Okawaru gifted it to you on level 2 of the Depths)
 49772 | Depths:2 | Reached skill level 10 in Invocations
 49791 | Depths:2 | Reached skill level 18 in Fighting
 50264 | Depths:1 | Found a viscous altar of Jiyva.
 50336 | Depths:2 | Identified the ring of Unuiborch {Fire rN+ MP+9}
 50415 | Depths:2 | Found a glowing golden altar of the Shining One.
 50990 | Depths:2 | Identified the ring "Jonn" {+Blink Str+4 Int-4 Dex+5} (You
                  | found it on level 2 of the Depths)
 51146 | Depths:3 | Reached skill level 10 in Evocations
 51532 | Depths:3 | Received a gift from Okawaru
 52482 | Depths:4 | Noticed a golden dragon
 52808 | Depths:4 | Reached skill level 15 in Dodging
 52816 | Depths:4 | Killed a golden dragon
 52816 | Depths:4 | Reached XP level 23. HP: 81/153 MP: 18/30
 53552 | Depths:4 | Received a gift from Okawaru
 53627 | Depths:4 | Reached skill level 19 in Fighting
 54393 | Depths:4 | Identified Dewis's Volume of the Endless Gods
 54632 | Depths:4 | Found a gateway to a ziggurat.
 55484 | Depths:5 | Entered Level 5 of the Depths
 55565 | Depths:5 | Noticed Frederick
 55580 | Depths:5 | Killed Frederick
 55580 | Depths:5 | Received a gift from Okawaru
 55632 | Depths:5 | Identified the amulet "Afaniak" {+Rage Dex+6 Slay+3} (You
                  | found it on level 5 of the Depths)
 56826 | Depths:5 | Noticed a golden dragon
 56846 | Depths:5 | Killed a golden dragon
 56946 | Depths:5 | Found a gate to the Realm of Zot.
 57455 | Elf:1    | Entered Level 1 of the Elven Halls
 58129 | Elf:1    | Identified Damozaty's Tome of the Ashen Snowflakes
 58311 | Elf:1    | Received a gift from Okawaru
 58316 | Elf:1    | Reached XP level 24. HP: 65/161 MP: 22/31
 58334 | Elf:1    | Identified the +0 pair of gloves of Subjectivity {rN+
                  | Dex+3} (Okawaru gifted it to you on level 1 of the Elven
                  | Halls)
 59482 | Elf:2    | Found a runed translucent gate.
 59482 | Elf:2    | Found a runed translucent gate.
 59482 | Elf:2    | Found a runed translucent gate.
 60286 | Slime:1  | Entered Level 1 of the Pits of Slime
 61144 | Slime:3  | Gained mutation: Your body sometimes deteriorates upon
                  | taking damage. [a shining eye]
 61177 | Slime:3  | Gained mutation: You are partially covered in yellow
                  | scales. (AC +2) [a shining eye]
 61330 | Slime:4  | Gained mutation: Your spells are a little easier to cast,
                  | but a little less powerful. [a shining eye]
 61331 | Slime:4  | Gained mutation: Scrolls take you a little longer to read.
                  | [a shining eye]
 61352 | Slime:3  | Lost mutation: You are partially covered in yellow scales.
                  | (AC +2) [potion of mutation]
 61352 | Slime:3  | Lost mutation: Scrolls take you a little longer to read.
                  | [potion of mutation]
 61352 | Slime:3  | Gained mutation: You are weak. (Str -2) [potion of
                  | mutation]
 61352 | Slime:3  | Gained mutation: You can translocate small distances at
                  | will. [potion of mutation]
 61698 | Slime:5  | Entered Level 5 of the Pits of Slime
 61735 | Slime:4  | Received a gift from Okawaru
 62055 | Slime:4  | Gained mutation: You are frail. (-10% HP) [a shining eye]
 62208 | Slime:3  | Lost mutation: You are weak. (Str -2) [potion of mutation]
 62208 | Slime:3  | Lost mutation: You can translocate small distances at will.
                  | [potion of mutation]
 62208 | Slime:3  | Lost mutation: You are frail. (-10% HP) [potion of
                  | mutation]
 62208 | Slime:3  | Lost mutation: Your body sometimes deteriorates upon taking
                  | damage. [potion of mutation]
 62208 | Slime:3  | Gained mutation: You are weak. (Str -2) [potion of
                  | mutation]
 62208 | Slime:3  | Gained mutation: You possess an exceptional clarity of
                  | mind. [potion of mutation]
 62208 | Slime:3  | Gained mutation: You have supernaturally acute eyesight.
                  | (SInv) [potion of mutation]
 62270 | Slime:4  | Reached skill level 20 in Fighting
 62855 | Slime:5  | Found a viscous altar of Jiyva.
 62856 | Slime:5  | Noticed the Royal Jelly
 62872 | Slime:5  | Killed the Royal Jelly
 62893 | Slime:5  | Received a gift from Okawaru
 63326 | Slime:5  | Identified the +1 battleaxe of Erhus {flame, rN+} (Okawaru
                  | gifted it to you on level 5 of the Pits of Slime)
 63341 | Slime:5  | Got a slimy rune of Zot
 63402 | Slime:5  | Found the +8 Wrath of Trog {antimagic, *Rage}
 64053 | Zot:1    | Entered Level 1 of the Realm of Zot
 64123 | Zot:1    | Reached XP level 25. HP: 132/168 MP: 27/33
 64586 | Zot:1    | Received a gift from Okawaru
 65450 | Zot:1    | Reached skill level 21 in Fighting
 65613 | Zot:2    | Received a gift from Okawaru
 65617 | Zot:2    | Identified the +4 plate armour of Jurr {+Blink rF+ rN++
                  | Str-3} (Okawaru gifted it to you on level 2 of the Realm of
                  | Zot)
 66509 | Zot:4    | Reached skill level 22 in Fighting
 66767 | Zot:4    | Noticed a Killer Klown
 66772 | Zot:4    | Noticed a Killer Klown
 66808 | Zot:4    | Killed a Killer Klown
 66831 | Zot:4    | Killed a Killer Klown
 66976 | Zot:4    | Reached XP level 26. HP: 174/180 MP: 33/33
 67062 | Zot:4    | Received a gift from Okawaru
 67349 | Zot:4    | Reached skill level 23 in Fighting
 68045 | Zot:3    | Received a gift from Okawaru
 68143 | Zot:2    | Reached skill level 24 in Fighting
 68615 | Zot:3    | Noticed a Killer Klown
 68649 | Zot:3    | Killed a Killer Klown
 68710 | Zot:3    | Reached skill level 25 in Fighting
 68736 | Zot:3    | Received a gift from Okawaru
 69998 | Orc:2    | Bought a scroll of fog for 28 gold pieces
 69998 | Orc:2    | Bought a scroll of summoning for 133 gold pieces
 69998 | Orc:2    | Bought a scroll of teleportation for 42 gold pieces
 69998 | Orc:2    | Bought a scroll of enchant armour for 105 gold pieces
 69998 | Orc:2    | Bought a scroll of silence for 105 gold pieces
 70023 | Orc:2    | Killed kernmantle's ghost
 70030 | Orc:2    | Reached XP level 27. HP: 194/194 MP: 30/33
 70188 | D:9      | Bought a scroll of teleportation for 87 gold pieces
 70188 | D:9      | Bought 2 potions of heal wounds for 290 gold pieces
 70655 | Zot:5    | Entered Level 5 of the Realm of Zot
 70819 | Zot:5    | Reached skill level 26 in Fighting
 71363 | Zot:5    | Received a gift from Okawaru
 71364 | Zot:5    | Found the +14 obsidian axe {chop, +Fly SInv *Curse}
 71469 | Zot:5    | Noticed an orb of fire
 71473 | Zot:5    | Gained mutation: You are occasionally teleported next to
                  | monsters. [an orb of fire]
 71474 | Zot:5    | Gained mutation: You are clumsy. (Dex -2) [an orb of fire]
 71483 | Zot:5    | Killed an orb of fire
 71485 | Zot:5    | Noticed an ancient lich
 71492 | Zot:5    | Noticed an ancient lich
 71511 | Zot:5    | Killed an ancient lich
 71512 | Zot:5    | Killed an ancient lich
 71846 | Zot:5    | Reached skill level 27 in Fighting
 71883 | Zot:5    | Noticed an orb of fire
 71896 | Zot:5    | Killed an orb of fire
 71897 | Zot:5    | Lost mutation: You are clumsy. (Dex -2) [potion of
                  | mutation]
 71897 | Zot:5    | Lost mutation: You are weak. (Str -2) [potion of mutation]
 71897 | Zot:5    | Lost mutation: You are occasionally teleported next to
                  | monsters. [potion of mutation]
 71897 | Zot:5    | Gained mutation: You are surrounded by a mild repulsion
                  | field. (EV +2) [potion of mutation]
 71897 | Zot:5    | Gained mutation: You have very sharp teeth. [potion of
                  | mutation]
 71958 | Zot:5    | Received a gift from Okawaru
 72007 | Zot:5    | Reached skill level 15 in Evocations
 72035 | Zot:5    | Got the Orb of Zot
 72551 | D:2      | Noticed Cuzxean the pandemonium lord
 72576 | D:1      | Noticed Natasha
 72587 | D:$      | Escaped with the Orb!

Levels and vault maps discovered:
D:1:      lemuel_arrival_broad_hall, layout_loops_ring
D:2:      minmay_roachtagon, layout_basic, yredelemnul_forgotten_temple_becter,
          nicolae_overflow_crystal_walls, uniq_natasha, uniq_crazy_yiuf_cottage
D:3:      layout_basic, old_standard_altar, lemuel_coloured_pillars_altar
D:4:      layout_cave_pools, minmay_temple_entry_junction_2
D:5:      minmay_opposing_rooms, layout_basic, grunt_gozag_statues,
          tso_oasis_becter, first_ration, hangedman_ru_absence, uniq_sigmund
D:6:      layout_loops_ring, xom_butterflies, minmay_manual_monstrance
D:7:      layout_loops_ring
D:8:      layout_loops_ring, zin_academy, blue_anna_alchemist
          [blue_anna_fruit_fields, blue_anna_fruit_fields],
          minmay_misc_feat_roman
D:9:      layout_rooms, lemuel_round_altar, dpeg_oklobed_lair, serial_shops,
          shop, special_room [special_room_orc]
D:10:     layout_basic
D:11:     layout_roguey, david_orc_4, hangedman_parallel_progression
D:12:     layout_cave_pods, basic_altar, minivault_19, kennysheep_generic_room_8
D:13:     layout_irregular_city, david_vaults_2, uniq_rupert, uniq_urug
D:14:     layout_loops_ring, ashenzari_altar_1, grunt_decor_cap, fountainhead,
          nicolae_qazlal_style_of_elements, uniq_azrael
D:15:     grunt_enter_depths_magical_seal, layout_basic,
          minmay_tree_intersection
Temple:   dshaligram_water_room_temple
Lair:1:   layout_cave_pods
Lair:2:   layout_cave_pods, minmay_swamp_entry_eels, spider_nest_entry_webs,
          portal_ice_cave_entry_imps
Lair:3:   layout_loops_ring, ebering_ghost_funeral_grove,
          nicolae_volcano_entry_vermiform, lemuel_fruit_fields,
          serial_bayou_shore_b
Lair:4:   onia_ninara_swampy_vault, layout_hall_layers,
          gammafunk_ghost_hydra_chop, roderic_carrion_pond
Lair:5:   layout_regular_city
Lair:6:   wormcave, layout_misc_corridors, guppyfry_lair_end_dragon,
          slime_altar_1, infiniplex_staircase_pool, grunt_megastairs_5,
          lemuel_fruit_tree, uniq_josephine, uniq_kirke
Swamp:1:  layout_basic_swamp, nicolae_swamp_fairy_circle
Swamp:2:  layout_falls_marsh, hangedman_swamp_cone, swamp_pool2
Swamp:3:  layout_basic_swamp, gammafunk_ghost_hydra_chop,
          nicolae_swamp_round_clearing
Swamp:4:  swamp_basic_johnstein, layout_basic_swamp
Spider:1: layout_spider_delve, drop_trap
Spider:2: layout_spider_delve
Spider:3: nicolae_spider_mines_3
Spider:4: spider_rune_water
Slime:1:  layout_caves
Slime:2:  layout_caves, cheibrodos_slime_lost_civilization_6
Slime:3:  layout_caves
Slime:4:  layout_caves, nicolae_slime_round_cave
Slime:5
Orc:1:    layout_diamond_mine, uniq_sonja
Orc:2:    st_orc_mages, layout_caves, serial_shops, nicolae_shop_waterfront,
          nicolae_shop_waterfront, shop, shop, gammafunk_ghost_fury_of_okawaru,
          hangedman_minor_magic
Elf:1:    minmay_elf_arrival_summoners, layout_geoelf_grid, minivault_28
Elf:2:    layout_geoelf_diagonals, patterned_corridor
Vaults:1: v_pattern_5, hangedman_vaults_pinch, nicolae_vaults_asterisk,
          v_misc_27, vaults_dpeg_cross, vaults_room_grunt_arrival_ludios,
          vaults_room_semicircle, ontoclasm_vaults_gateway,
          hangedman_vaults_cutoff, nicolae_vaults_yaktaur_gun_rack,
          nicolae_vaults_lopsided_apartments, vaults_room_semicircle, v_misc_19,
          layout_vaults_omnibox
Vaults:2: ebering_vaults_ghost_disaster_area, ontoclasm_vaults_idyll, v_rooms_6,
          v_misc_19, nicolae_vaults_little_squares_1,
          nicolae_vaults_bisected_exclaves, ontoclasm_vaults_ring_square,
          nicolae_vaults_little_squares_2, v_misc_27, hangedman_vaults_impose,
          ontoclasm_vaults_twist, nicolae_vaults_theta, layout_vaults_big_cross
Vaults:3: ebering_vaults_ghost_xom, minmay_crypt_entry_simple_walls,
          hangedman_vaults_locks, v_misc_10, grunt_vaults_swirl,
          layout_vaults_omnigrid, serial_shops, nicolae_shop_overgrown_old_shop
Vaults:4: ontoclasm_vaults_hangar, vaults_standard_mumra_x,
          nicolae_vaults_sealed_display, vaults_room_door_ring,
          dpeg_vaults_monster_row, vaults_room_hallway, layout_vaults_big_room,
          uniq_saint_roka
Depths:1: layout_gridville, special_room [special_room_jelly], hell_entry,
          enter_trove_1, abyss_entry_crystal, serial_glass, glass_columns_a,
          glass_columns_a, glass_columns_c, glass_columns_a, glass_columns_a,
          glass_columns_b, minmay_strange_pillars, grunt_ministairs_13,
          kennysheep_small_circle, serial_bayou_shore_a
Depths:2: minmay_octagon_city, layout_gridlike, infiniplex_staircase_zigzag_1,
          grunt_metal_band, tso_metal_star
Depths:3: gammafunk_depths_water_palace, layout_cross, rand_demon_pan_entry_3,
          grunt_hell_entry_dis_grunt, serial_bayou_ford_a, due_unseen_surprise
Depths:4: minmay_the_grid_square_5x5_5x5_mashed [minmay_the_grid_square_5x5_six,
          minmay_the_grid_square_5x5_shrine2, minmay_the_grid_square_5x5_three,
          minmay_the_grid_square_5x5_tetrominoes,
          minmay_the_grid_square_5x5_inner_z,
          minmay_the_grid_square_5x5_inner_v,
          minmay_the_grid_square_5x5_prize_junk,
          minmay_the_grid_square_5x5_fat_x,
          minmay_the_grid_square_5x5_prize_pseudospiral,
          minmay_the_grid_square_5x5_z, minmay_the_grid_square_5x5_trominoes,
          minmay_the_grid_square_5x5_tie, minmay_the_grid_square_5x5_prize_gold,
          minmay_the_grid_square_5x5_checkered,
          minmay_the_grid_square_5x5_tri_point,
          minmay_the_grid_square_5x5_minivault,
          minmay_the_grid_square_5x5_prize_waves, minmay_the_grid_square_5x5_n,
          minmay_the_grid_square_5x5_prize_monsterx,
          minmay_the_grid_square_5x5_intrusive_squares,
          minmay_the_grid_square_5x5_spiral,
          minmay_the_grid_square_5x5_inverted_slash,
          minmay_the_grid_square_5x5_fancy_junction,
          minmay_the_grid_square_5x5_beaten_path,
          minmay_the_grid_square_5x5_bite], layout_cave_pools, enter_ziggurat_c,
          pf_vacation_house_of_asmodeus, abyss_entry, hangedman_decor_slide_cut
Depths:5: grunt_zot_entry_alcove, layout_gridville, pf_coc_iceberg,
          uniq_frederick
Zot:1:    kennysheep_six_static_rooms, layout_basic, grunt_ministairs_13
Zot:2:    layout_cathedral_of_symmetry, hangedman_hellfire_club
Zot:3:    cheibrodos_zot_enchanting_chambers, layout_onion_interference,
          guppyfry_library_mini
Zot:4:    grunt_zot_stairs_faceoff, layout_twisted_circle,
          hangedman_zot_diagonal_lockstep
Zot:5:    layout_onion

Skill      XL: |  1  2  3  4  5  6  7  8  9 10 11 12 13 14 15 16 17 18 19 20 21 22 23 24 25 26 27 |
---------------+----------------------------------------------------------------------------------+-----
Axes           | 3 4 5 6 8 9 11 12 13 14 15 16 17 18 19 20 21 22 | 22.0
Armour         | 1 2 3 4 6 7 9 10 11 12 13 14 15 16 17 18 19 20 | 20.0
Fighting       | 3 4 5 6 8 9 10 11 12 13 14 15 16 17 18 19 20 22 25 27 | 27.0
Dodging        | 3 4 5 6 7 8 9 10 11 12 13 14 15 16 | 16.5
Invocations    | 1 3 5 7 8 9 10 | 10.0
Evocations     | 1 4 5 7 8 9 10 11 13 14 15 | 15.2
Throwing       | |  1.7

Action                   |  1- 3 |  4- 6 |  7- 9 | 10-12 | 13-15 | 16-18 | 19-21 | 22-24 | 25-27 || total
-------------------------+-------+-------+-------+-------+-------+-------+-------+-------+-------++-------
Melee: War axe           |   120 |   245 |   481 |       |       |       |       |       |       ||   846
       Punch             |       |       |     2 |       |       |       |       |       |       ||     2
       Battleaxe         |       |       |   100 |   662 |  1023 |  1406 |  1127 |   284 |   223 ||  4825
       Executioner's axe |       |       |       |       |       |       |    15 |   856 |   759 ||  1630
       Bite              |       |       |       |       |       |       |       |       |    14 ||    14
Throw: Throwing net      |       |     1 |     3 |       |       |       |       |       |       ||     4
       Boomerang         |       |       |     3 |       |       |       |       |       |       ||     3
Invok: Heroism           |       |       |     5 |     5 |    16 |     9 |    11 |    14 |     9 ||    69
       Finesse           |       |       |       |     2 |    12 |     3 |     8 |     7 |     6 ||    38
 Abil: Fly               |       |       |       |       |     1 |       |       |       |       ||     1
       Evoke Invisibilit |       |       |       |       |       |       |     1 |     1 |    10 ||    12
       Stop Flying       |       |       |       |       |       |       |       |     1 |       ||     1
Evoke: Wand              |       |       |       |     8 |    17 |    21 |       |     5 |     4 ||    55
       Phantom mirror    |       |       |       |       |       |       |     1 |     1 |       ||     2
  Use: Scroll            |     1 |     8 |     3 |    17 |     9 |    13 |     9 |    16 |    14 ||    90
       Potion            |       |     1 |     3 |       |     3 |     3 |     1 |     8 |     3 ||    22
 Stab: Held in net/web   |       |     1 |       |       |       |       |       |       |       ||     1
       Paralysed         |       |       |       |       |       |     5 |       |       |       ||     5
       Invisible         |       |       |       |       |       |       |    12 |    11 |    62 ||    85
       Distracted        |       |       |       |       |       |       |     1 |     1 |       ||     2
  Eat: Chunk             |     2 |     9 |    10 |    20 |    26 |    20 |    26 |    10 |     8 ||   131
       Ration            |       |       |     2 |     1 |     4 |     6 |       |    12 |     7 ||    32
Armor: Ring mail         |    89 |   121 |       |       |       |       |       |       |       ||   210
       Scale mail        |       |    20 |       |       |       |       |       |       |       ||    20
       Chain mail        |       |       |   372 |   758 |   829 |  1307 |   613 |   195 |   673 ||  4747
       Plate armour      |       |       |    74 |       |       |       |       |   678 |       ||   752
       Quicksilver drago |       |       |       |       |       |       |    87 |   111 |       ||   198
Dodge: Dodged            |   106 |   206 |   284 |   506 |   667 |  1070 |   648 |   816 |   891 ||  5194
       Deflected         |       |       |       |       |       |    13 |    16 |       |       ||    29
